 Dungeon Crawl Stone Soup version 0.31-a0-455-g1a7b003ef0 (webtiles) character file.

Game seed: 15134517999119734663

5898 Ofeo the Mimic (level 10, -4/83 HPs)
             Began as a Demonspawn Shapeshifter on Aug 4, 2023.
             Was an Initiate of Gozag.
             Slain by a hornet (13 damage)
             ... on level 7 of the Dungeon.
             The game lasted 00:19:40 (10758 turns).

Ofeo the Mimic (Demonspawn Shapeshifter)           Turns: 10758, Time: 00:19:41

Health: -4/83      AC:  6    Str: 24    XL:     10   Next: 53%
Magic:  0/10       EV: 13    Int:  8    God:    Gozag
Gold:   510        SH:  0    Dex: 13    Spells: 9/9 levels left

rFire   + +          .
                       - Unarmed
rCold   + + .        (shield currently unavailable)
rNeg    . . .        w - +1 leather armour {rF+}
rPois   +            (no helmet)
rElec   +            m - scarf {repulsion}
rCorr   +            n - melded +1 pair of gloves
SInv    .            a - +3 pair of mountain boots {steadfast, rC+}
Will    .....        f - amulet of guardian spirit
Stlth   +            (no ring)
HPRegen 0.33/turn    (no ring)
MPRegen 0.12/turn

%: repel missiles, guardian spirit
@: blade hands, resistant, hasted, very quick
A: powered by pain 2, deformed body, shaggy fur 1, strong 1
a: Begin Untransformation, Renounce Religion, Potion Petition, Call Merchant,
Bribe Branch


You were on level 7 of the Dungeon.
You worshipped Gozag.
Gozag was pleased with you.
You had blades for hands.
You visited 1 branch of the dungeon, and saw 7 of its levels.
You also visited: Bailey.

You collected 1249 gold pieces.
You spent 39 gold pieces at shops.
You paid 700 gold pieces to Gozag.

Inventory:

Hand Weapons
 d - a +0 dagger of speed
Missiles
 g - 17 poisoned darts (quivered)
Armour
 a - the +3 pair of mountain boots (worn) {steadfast, rC+}
   (You acquired it on level 3 of the Dungeon)

   Steadfast: It prevents involuntary movement, except for blinking,
   teleportation, or banishment.
   rC:        It protects you from cold.
 m - a scarf of repulsion (worn)
 n - a +1 pair of gloves (melded)
 p - a +0 chain mail
 w - a +1 leather armour of fire resistance (worn)
Jewellery
 f - an amulet of guardian spirit (around neck)
 o - an amulet of the acrobat
 s - a ring of fire
Talismans
 c - a beast talisman
 h - a blade talisman (active)
Wands
 l - a wand of flame (8)
Scrolls
 b - a scroll of butterflies {unknown}
 j - 2 scrolls of fog
 t - a scroll of fear {unknown}
Potions
 e - 2 potions of degeneration
 k - a potion of enlightenment
 r - a potion of might {@q4}
 x - a potion of magic {unknown}
 z - a potion of attraction


   Skills:
 + Level 9.4 Fighting
 + Level 5.2 Dodging
 + Level 5.7 Unarmed Combat
 - Level 9.7 Shapeshifting


You had 9 spell levels left.
You didn't know any spells.
Your spell library contained the following spells:

 Spells                   Type           Power      Damage    Failure   Level
 Magic Dart               Conj           0%         1d3       85%         1
 Necrotise                Necr           0%         1d4       85%         1
 Call Imp                 Summ           0%         N/A       91%         2
 Poisonous Vapours        Pois/Air       0%         N/A       91%         2
 Mephitic Cloud           Conj/Pois/Air  0%         N/A       98%         3
 Vampiric Draining        Necr           0%         2d6       98%         3
 Agony                    Necr           0%         N/A       100%        5
 Freezing Cloud           Conj/Ice/Air   0%         6-21      100%        5


Dungeon Overview and Level Annotations

Branches:
Dungeon (7/15)             Bailey (visited)
 Temple: D:4-7

Altars:
Ashenzari
Gozag
Ru

Shops:
D:1 (

Annotations:
D:5 2 transporters, drugrobin's ghost, novice DgDe


Innate Abilities, Weirdness & Mutations

You have blades for hands.
Your spellcasting is less reliable in this form.
You are incapable of wielding weapons or throwing items.
You sometimes gain power by taking damage.
Armour fits poorly on your strangely shaped body.
You are covered in fur. (AC +1)
Your muscles are strong. (Str +4, Int/Dex -1)


Message History

You feel yourself slow down.
You take 6 damage, and have 59/83 hp.
You closely miss the hornet.
The hornet is moderately wounded.
Your surroundings seem slightly different.
You feel very sick.
You take 3 damage, and have 56/83 hp.
You feel yourself speed up.
You feel sick.
You take 1 damage, and have 55/83 hp.
You feel protected.
You feel yourself speed up.
You feel sick. The hornet stings you!
You feel yourself slow down.
You take 11 damage, and have 44/83 hp.
You now have 6/10 mp.
The hornet attacks as you move away! The hornet closely misses you.
You feel sick. The white ugly thing trunk-slaps you.
The white ugly thing freezes you! You resist.
You take 13 damage, and have 31/83 hp.
You now have 3/10 mp.
The hornet attacks as you move away! The hornet stings you.
You feel as though you will be slow longer.
You feel sick.
The hornet stings you but does no damage.
You take 1 damage, and have 30/83 hp.
The white ugly thing attacks as you move away!
The white ugly thing trunk-slaps you!
* * * LOW HITPOINT WARNING * * *
The white ugly thing freezes you! You resist.
* * * LOW HITPOINT WARNING * * *
You feel sick.
You are no longer poisoned.
You take 18 damage, and have 12/83 hp.
MASSIVE DAMAGE!!
You now have 2/10 mp.
Okay, then.
You feel better.
You feel yourself speed up.
The hornet stings you but does no damage.
The white ugly thing trunk-slaps you.
* * * LOW HITPOINT WARNING * * *
The white ugly thing freezes you! You resist.
* * * LOW HITPOINT WARNING * * *
The hornet stings you!
You die...
Your body crumbles into a pile of gold.

#.# ........## #.#
#........# #.#
........# #.#
#.......# #.##
.......# #..# .....#
#..# #....# #..#
#@...## ##.# #yu...#
###.## #O..>.######
.....### #...Y..#...#
..###..## #......#._.#
### ##..###
#......#...# ###..###
#......#'''# # ###..##
#......#...##..#
##..###......'.≈.'...#


You could see a white ugly thing, a hornet, a sky beast and an ogre.

Vanquished Creatures
  Prince Ribbit (D:5)
  Sigmund (D:2)
  2 water moccasins
  A black bear (D:7)
  3 ogres
  10 orc warriors (Bailey)
  2 ice beasts
  A phantom (D:6)
  A gnoll sergeant (D:5)
  3 scorpions
  A jelly (D:6)
  3 hounds
  An orc priest (D:4)
  2 iguanas
  Natasha (D:2)
  11 gnolls
  13 adders
  A shadow imp (D:6)
  A white imp (D:7)
  An ufetubus (D:5)
  4 dart slugs
  30 orcs
  2 endoplasms
  4 giant cockroaches
  24 goblins
  16 hobgoblins
  12 jackals
  4 quokkas
  11 ball pythons
  6 bats
  2 frilled lizards
  9 kobolds
  6 rats
190 creatures vanquished.

Notes
Turn   | Place    | Note
-------+----------+-------------------------------------------
     0 | D:1      | Ofeo the Demonspawn Shapeshifter began the quest for the
                  | Orb.
     0 | D:1      | Reached XP level 1. HP: 15/15 MP: 1/1
   152 | D:1      | Gained mutation: You sometimes gain a little power by
                  | taking damage. [demonic ancestry]
   152 | D:1      | Reached XP level 2. HP: 10/21 MP: 2/2
   734 | D:1      | Found Viskenlo's Weapon Emporium.
   742 | D:1      | Bought 6 poisoned darts for 39 gold pieces
  1066 | D:2      | Reached XP level 3. HP: 24/26 MP: 3/3
  2158 | D:2      | Gained mutation: You sometimes gain power by taking damage.
                  | [demonic ancestry]
  2158 | D:2      | Reached XP level 4. HP: 32/33 MP: 4/4
  2390 | D:2      | Noticed Sigmund
  2411 | D:2      | Killed Sigmund
  2412 | D:2      | Reached XP level 5. HP: 40/40 MP: 5/5
  2889 | D:2      | Noticed Natasha
  2896 | D:2      | Killed Natasha
  2897 | D:2      | Reached XP level 6. HP: 41/47 MP: 6/6
  3563 | D:3      | Identified a scroll of acquirement
  3563 | D:3      | Acquired the +3 pair of mountain boots {steadfast, rC+}
  3563 | D:3      | Found the +3 pair of mountain boots {steadfast, rC+}
  3633 | D:3      | Found a faded altar of an unknown god.
  4377 | D:3      | Prayed at the altar of an unknown god.
  4377 | D:3      | Became a worshipper of Gozag Ym Sagoz the Greedy
  4402 | D:4      | Noticed a water moccasin
  4421 | D:4      | Killed a water moccasin
  5152 | D:4      | Reached XP level 7. HP: 33/52 MP: 7/7
  5515 | D:5      | Entered Level 5 of the Dungeon
  5517 | D:5      | Noticed Prince Ribbit
  5551 | D:5      | Noticed drugrobin's ghost (novice DgDe)
  5660 | D:5      | Killed Prince Ribbit
  6132 | D:5      | Reached XP level 8. HP: 38/61 MP: 8/8
  6246 | D:5      | Reached skill level 5 in Shapeshifting
  6532 | D:5      | Reached skill level 5 in Unarmed Combat
  6851 | D:5      | Found a transporter.
  6895 | D:5      | Found a transporter.
  7679 | D:6      | Reached skill level 5 in Fighting
  8278 | D:5      | Reached skill level 5 in Dodging
  9123 | D:7      | Found a flagged portal.
  9198 | Bailey   | Entered a bailey
  9263 | Bailey   | Reached XP level 9. HP: 62/68 MP: 6/9
 10206 | Bailey   | Noticed an orc warlord
 10237 | Bailey   | Gained mutation: Armour fits poorly on your strangely
                  | shaped body. [potion of mutation]
 10237 | Bailey   | Gained mutation: Your muscles are strong. (Str +4, Int/Dex
                  | -1) [potion of mutation]
 10237 | Bailey   | Gained mutation: You are covered in fur. (AC +1) [potion of
                  | mutation]
 10304 | Bailey   | Reached XP level 10. HP: 55/83 MP: 10/10
 10731 | D:7      | Found a sacrificial altar of Ru.
 10736 | D:7      | Found a broken altar of Ashenzari.
 10739 | D:7      | Noticed a white ugly thing
 10758 | D:7      | Slain by a hornet

Illustrated notes

Levels and vault maps discovered:
D:1:      amcnicky_arrival_feature_with_door, layout_basic, serial_shops, shop
D:2:      kennysheep_six_static_rooms, layout_basic, serial_park_tiny_pond,
          uniq_natasha, uniq_sigmund
D:3:      layout_basic, dreamdust_ecumenical_altar_grove
D:4:      layout_rooms, eino_tiny_chamber, eino_small_chamber_without_monster
D:5:      layout_basic, gammafunk_ghost_smash, chequers_serial_rivers_micro_b,
          uniq_prince_ribbit1
D:6:      layout_loops_ring, zin_scriptorium
D:7:      layout_cave_pods, mainiacjoe_overflow_big_doors,
          minmay_temple_entry_slanted, enter_bailey_3, serial_shops, shop

Skill      XL: |  1  2  3  4  5  6  7  8  9 |
---------------+----------------------------+-----
Dodging        | 2 3 4 5 |  5.2
Unarmed Combat | 3 4 5 |  5.7
Shapeshifting  | 3 4 6 9 |  9.7
Fighting       | 2 3 4 5 9 |  9.4

Action                     |  1- 3 |  4- 6 |  7- 9 | 10-12 || total
---------------------------+-------+-------+-------+-------++-------
  Melee: Unarmed           |    28 |   165 |   429 |    14 ||   636
         Dagger            |   111 |    85 |       |       ||   196
         Punch             |     3 |     7 |    12 |       ||    22
  Throw: Dart              |       |       |    15 |       ||    15
 Invoke: Potion Petition   |       |       |     2 |       ||     2
  Evoke: Wand              |       |       |     1 |       ||     1
    Use: Potion            |     1 |     2 |    14 |     3 ||    20
         Scroll            |       |     6 |    10 |     1 ||    17
   Stab: Sleeping          |     1 |       |       |       ||     1
         Invisible         |       |       |     4 |       ||     4
         Distracted        |       |       |     1 |       ||     1
 Armour: Animal skin       |    16 |       |       |       ||    16
         Ring mail         |    14 |    20 |       |       ||    34
         Chain mail        |       |   133 |   156 |       ||   289
         Skin              |       |       |     3 |       ||     3
         Leather armour    |       |       |     5 |     3 ||     8
  Dodge: Dodged            |    77 |   144 |   222 |    11 ||   454
         Form:             |       |     1 |       |       ||     1
         Blade             |       |       |     2 |       ||     2
         Beast             |       |       |     1 |       ||     1

Table legend: (Time is in decaauts)
 A = Elapsed time spent in this place.
 B = Non-inter-level travel time spent in this place.
 C = Inter-level travel time spent in this place.
 D = Time resting spent in this place.
 E = Time spent auto-exploring this place.
 F = Levels seen in this place.
 G = Mean time per level.
                   A        B        C        D        E       F      G
               +--------+--------+--------+--------+--------+-----+--------+
         Total |  10655 |  10141 |    514 |   2039 |   5946 |   8 | 1331.9 |
       Dungeon |   9378 |   8864 |    514 |   1465 |   5946 |   7 | 1339.7 |
        Bailey |   1277 |   1277 |      0 |    574 |      0 |   1 | 1277.0 |
               +--------+--------+--------+--------+--------+-----+--------+

Top non-repeatable levels by time:
     D:2: 2084 daAuts
     D:5: 1711 daAuts
     D:3: 1682 daAuts
     D:6: 1653 daAuts
  Bailey: 1277 daAuts
     D:1: 1024 daAuts
     D:4: 848 daAuts
     D:7: 372 daAuts
